 Dungeon Crawl Stone Soup version 0.21-a0-507-ga8f6b7a (webtiles) character file.

675 slep the Poker (level 7, -5/44 HPs)
             Began as a Gargoyle Gladiator on Nov 28, 2017.
             Was an Initiate of Okawaru.
             Slain by an ogre
             ... wielding a +0 giant spiked club
              (26 damage)
             ... on level 6 of the Dungeon.
             The game lasted 00:17:52 (4151 turns).

slep the Poker (Gargoyle Gladiator)                 Turns: 4151, Time: 00:17:52

Health: -5/44      AC: 11    Str: 19    XL:     7   Next: 59%
Magic:  7/7        EV:  9    Int:  8    God:    Okawaru [......]
Gold:   323        SH:  7    Dex: 12    Spells: 4/6 levels left

rFire    . . .     SeeInvis .   a - +0 trident
rCold    . . .     Gourm    .   L - +0 shield
rNeg     + + .     Faith    .   h - +0 ring mail
rPois    ∞         Spirit   .   (helmet restricted)
rElec    +         Reflect  .   (no cloak)
rCorr    .         Harm     .   (no gloves)
MR       .....                  J - +0 pair of boots
Stlth    ..........             (no amulet)
HPRegen  0.14/turn              s - ring of positive energy
MPRegen  0.10/turn              G - ring of loudness (curse)

@: no status effects
A: horns 1, blurry vision 1, negative energy resistance 1, electricity
resistance, unbreathing, petrification resistance, rot immunity, AC +4
a: Renounce Religion


You were on level 6 of the Dungeon.
You worshipped Okawaru.
Okawaru was noncommittal.
You were very hungry.

You visited 2 branches of the dungeon, and saw 7 of its levels.

You collected 323 gold pieces.

Inventory:

Hand Weapons
 a - a +0 trident (weapon)
 D - a +1 flail of venom
Missiles
 d - 2 throwing nets (quivered)
 x - 30 poisoned needles
Armour
 b - a +0 leather armour
 c - a +0 helmet
 h - a +0 ring mail (worn)
 J - a +0 pair of boots (worn)
 L - a +0 shield (worn)
Jewellery
 s - a ring of positive energy (left hand)
 B - a +1 ring of evasion
 C - an uncursed ring of stealth
 G - a cursed ring of loudness (right hand)
Wands
 F - a wand of random effects (22)
 H - a wand of digging (26)
Scrolls
 e - 7 scrolls of remove curse {unknown}
 g - 2 scrolls of magic mapping {unknown}
 l - 2 scrolls of fog {unknown}
 m - a scroll of blinking {unknown}
 p - a scroll of immolation {unknown}
 q - 10 scrolls of identify {unknown}
 r - 3 scrolls of amnesia {unknown}
 w - a scroll of fear {unknown}
 y - a scroll of teleportation {unknown}
 A - a scroll of enchant armour {unknown}
Potions
 i - a potion of cancellation {unknown}
 j - 2 potions of haste {unknown}
 k - 2 potions of agility {unknown}
 t - a potion of brilliance {unknown}
 v - a potion of degeneration {unknown}
 z - 2 potions of curing {unknown}
 I - a potion of flight {unknown}
 M - a potion of invisibility {unknown}
 N - a potion of lignification {unknown}
Books
 o - a book of Minor Magic

   Spells                             Type                      Level
   a - Magic Dart                     Conjuration                  1
   b - Blink                          Translocation                2
   c - Call Imp                       Summoning                    2
   d - Slow                           Hexes                        2
   e - Conjure Flame                  Conjuration/Fire             3
   f - Mephitic Cloud                 Conjuration/Poison/Air       3
 K - a book of Misfortune

   Spells                             Type                      Level
   a - Confusing Touch                Hexes                        1
   b - Confuse                        Hexes                        3
   c - Gell's Gravitas                Translocation                3
   d - Petrify                        Transmutation/Earth          4
   e - Metabolic Englaciation         Hexes/Ice                    5
   f - Yara's Violent Unravelling     Hexes/Transmutation          5
Comestibles
 f - 8 bread rations
 n - 8 fruits
 u - 7 meat rations
 E - 3 royal jellies


   Skills:
 + Level 4.3 Fighting
 + Level 5.7 Polearms
 + Level 1.8 Throwing
 + Level 3.5 Armour
 + Level 3.3 Dodging
 + Level 0.3 Stealth
 + Level 0.2 Shields


You had 4 spell levels left.
You knew the following spells:

 Your Spells              Type           Power        Failure   Level  Hunger
a - Blink                 Tloc           N/A          100%        2    ###....


Dungeon Overview and Level Annotations

Branches:
Dungeon (6/15)             Temple (1/1) D:4

Altars:
Cheibriados
Dithmenos
Elyvilon
Fedhas
Gozag
Kikubaaqudgha
Makhleb
Nemelex Xobeh
Okawaru
Qazlal
Ru
Trog
Vehumet
Xom
Yredelemnul
Zin
The Shining One


Innate Abilities, Weirdness & Mutations

You are resistant to torment.
Your stone body is resilient. (AC +4)
You are immune to poison.
You resist negative energy. (rN+)
You are resistant to electric shocks. (rElec)
You can survive without breathing.
You are immune to petrification.
You are immune to rotting.
You have a pair of small horns on your head.
Scrolls take you a little longer to read.


Message History

An ogre comes into view. It is wielding a giant spiked club.
Found a scroll labeled FYTOMN ZEBLIR and an inky potion.
There is a stone staircase leading up here.
You block the ogre's attack.
You hit the ogre.
The ogre is lightly wounded.
Your shield and ring mail prevent you from hitting the ogre.
You headbutt the ogre.
The ogre is moderately wounded.
The ogre barely misses you.
You are feeling very hungry.
You puncture the ogre!
The ogre is heavily wounded.
The ogre hits you with a giant spiked club!!
Ouch! That really hurt!
You closely miss the ogre. Your headbutt misses the ogre.
The ogre is heavily wounded.
The ogre hits you with a giant spiked club!!
Ouch! That really hurt!
You die...

#.....#
.....#
#....# #...
##....# #...
+.....#
#.... #....#
#....##..O.#
#........@.#
#..........#
#..........#
#......<...#
#..........#
#..........#
#..........#
#..........#
#.?........#


You could see an ogre.

Vanquished Creatures
  A phantom (D:4)
  An ogre (D:5)
  A scorpion (D:5)
  A crimson imp (D:5)
  A centaur zombie (D:5)
  A bullfrog skeleton (D:4)
  An orc wizard (D:3)
  An iguana (D:4)
  4 worker ants
  A hound skeleton (D:4)
  8 adders
  An ooze (D:4)
  3 worms
  3 dart slugs
  3 leopard geckos
  7 orcs
  3 ball pythons
  6 giant cockroaches
  17 goblins
  8 hobgoblins
  6 jackals
  5 kobolds
  2 quokkas
  A ball python skeleton (D:4)
  5 bats
  6 frilled lizards
  9 rats
106 creatures vanquished.

Notes
Turn   | Place    | Note
-------+----------+-------------------------------------------
     0 | D:1      | slep the Gargoyle Gladiator began the quest for the Orb.
     0 | D:1      | Reached XP level 1. HP: 12/12 MP: 1/1
   107 | D:1      | Reached skill level 3 in Polearms
   145 | D:1      | Reached XP level 2. HP: 9/17 MP: 2/2
   417 | D:1      | Reached XP level 3. HP: 17/22 MP: 3/3
   825 | D:2      | Learned a level 2 spell: Blink
   967 | D:2      | Reached XP level 4. HP: 8/27 MP: 4/4
  1119 | D:2      | Gained mutation: Scrolls take you a little longer to read. [potion of mutation]
  1119 | D:2      | Gained mutation: You have a pair of small horns on your head. [potion of mutation]
  1329 | D:3      | Reached skill level 1 in Armour
  1494 | D:3      | Reached XP level 5. HP: 29/32 MP: 5/5
  1552 | D:3      | Reached skill level 4 in Polearms
  1559 | D:3      | Found a basalt altar of Yredelemnul.
  2148 | D:4      | Reached XP level 6. HP: 30/37 MP: 6/6
  2228 | D:4      | Noticed a phantom
  2266 | D:4      | Killed a phantom
  2294 | D:4      | Found a staircase to the Ecumenical Temple.
  2304 | Temple   | Entered the Ecumenical Temple
  2354 | Temple   | Became a worshipper of Warmaster Okawaru
  3114 | D:5      | Entered Level 5 of the Dungeon
  3235 | D:5      | Reached XP level 7. HP: 42/43 MP: 7/7
  3303 | D:5      | Reached skill level 5 in Polearms
  4151 | D:6      | Slain by an ogre

Vault maps used:
D:1:      shiori_arrival_elements
D:2:      minmay_tall_x
D:3:      lemuel_crystal_altar
D:4:      minmay_temple_entry_junction
D:5:      first_bread
Temple:   compressed_dpeg_circular_temple

Skill      XL: |  1  2  3  4  5  6  7 |
---------------+----------------------+-----
Polearms       | 3 4 5 |  5.7
Fighting       | 3 4 |  4.3
Armour         | 1 2 3 |  3.5
Dodging        | 3 |  3.3
Throwing       | |  1.8
Stealth        | |  0.3
Shields        | |  0.2

Action                   |  1- 3 |  4- 6 |  7- 9 || total
-------------------------+-------+-------+-------++-------
Melee: Trident           |   160 |   239 |    50 ||   449
       Headbutt          |       |    28 |    11 ||    39
Throw: Throwing net      |       |       |     2 ||     2
  Use: Potion            |       |     2 |       ||     2
  Eat: Chunk             |       |     8 |     2 ||    10
Armor: Leather armour    |    15 |       |       ||    15
       Ring mail         |    47 |   111 |    13 ||   171
Dodge: Dodged            |    96 |   165 |    20 ||   281
Block: Shield            |       |       |    11 ||    11

Table legend:
 A = Spawn XP
 B = Non-spawn XP
 C = Spawn XP percentage of total XP
 D = Spawn monster count
 E = Non-spawn monster count
 F = Spawn count percentage of total count
 G = Total turns spent on level
                    A         B        C        D         E        F      G
               +---------+---------+-------+---------+---------+-------+---------
         Total |       0 |     965 |   0.0 |       0 |     106 |   0.0 |  4151
               +---------+---------+-------+---------+---------+-------+---------
           D:1 |       0 |      51 |   0.0 |       0 |      29 |   0.0 |   817
           D:2 |       0 |      57 |   0.0 |       0 |      20 |   0.0 |   504
           D:3 |       0 |     141 |   0.0 |       0 |      32 |   0.0 |   638
           D:4 |       0 |     294 |   0.0 |       0 |      12 |   0.0 |  1074
           D:5 |       0 |     422 |   0.0 |       0 |      13 |   0.0 |  1030
               +---------+---------+-------+---------+---------+-------+---------
